 Dungeon Crawl Stone Soup version 0.31.0-9-g3a7656b989 (webtiles) character file.

Game seed: 15536752500805751610

758 Zeor the Ruffian (level 7, -8/76 HPs)
             Began as a Demonspawn Shapeshifter on Jan 24, 2024.
             Mangled by Edmund
             ... wielding a +7 dire flail of holy wrath
              (12 damage)
             ... on level 3 of the Dungeon.
             The game lasted 00:13:01 (3799 turns).

Zeor the Ruffian (Demonspawn Shapeshifter)          Turns: 3799, Time: 00:13:03

Health: -8/76      AC: 23    Str: 21    XL:     7   Next: 50%
Magic:  7/7        EV:  2    Int: 12    God:
Gold:   274        SH:  0    Dex: 12    Spells: 6/6 levels left

rFire   . .          .
                       - Unarmed
rCold   . . .        (no shield)
rNeg    . . .        a - melded +1 ice dragon scales
rPois   +            n - melded +0 helmet
rElec   .            (cloak currently unavailable)
rCorr   .            g - melded +0 pair of gloves
SInv    .            (boots currently unavailable)
Will    .....        (no amulet)
Stlth   ++           p - +6 ring of strength
HPRegen 0.32/turn    (no ring)
MPRegen 0.10/turn

%: no passive effects
@: tree-form
A: stationary, stasis, torment immunity, boosted hp, (hooves 2), demonic
guardian 1, (sturdy frame 1)
a: no special abilities


You were on level 3 of the Dungeon.
You were a tree.
You visited 1 branch of the dungeon, and saw 6 of its levels.

You collected 274 gold pieces.

Inventory:

Hand Weapons
 k - the +7 spear "Goblinslayer" {speed, Fly}
   (You found it on level 2 of the Dungeon)

   Fly:       It grants you flight.
 m - a +3 dagger of venom
Armour
 a - +1 ice dragon scales (melded)
 g - a +0 pair of gloves (melded)
 j - a +0 leather armour
 n - a +0 helmet (melded)
Jewellery
 p - a +6 ring of strength (left branch)
 r - a ring of flight
Talismans
 c - a beast talisman (active)
 d - a flux talisman
Wands
 b - a wand of mindburst (4)
 i - a wand of roots (8)
 l - a wand of flame (20)
Scrolls
 e - a scroll of identify
Potions
 f - 2 potions of brilliance
 h - a potion of mutation
 q - 2 potions of haste


   Skills:
 * Level 2.7 Fighting
 + Level 3.1 Armour
 + Level 2.4 Dodging
 + Level 1.0 Stealth
 + Level 5.7 Unarmed Combat
 * Level 3.9 Shapeshifting


You had 6 spell levels left.
You didn't know any spells.
Your spell library was empty.

Dungeon Overview and Level Annotations

Branches:
Dungeon (6/15)
 Temple: D:4-7

Altars:
Ru

Annotations:
D:3 Blork the orc, Edmund


Innate Abilities, Weirdness & Mutations

You are a tree.
Your roots penetrate the ground, keeping you stationary.
You cannot be teleported.
You are immune to unholy pain and torment.
Your maximum health is greatly increased.
Your equipment is partially melded.
((You have hoof-like feet.))
A weak demonic guardian rushes to your aid.
((Your movements are slightly less encumbered by armour. (ER -2)))


Message History

Aiming: Mindburst
Press: ? - help, Shift-Dir - straight line, f - Edmund
Aim: Edmund, wielding a +7 dire flail of holy wrath and wearing a +0 leather armour (heavily wounded, chance to affect: 64%) Edmund struggles to resist.
Blork the orc barely misses you.
Edmund hits you with a +7 dire flail of holy wrath!
* * * LOW HITPOINT WARNING * * *
A demonic guardian appears!
You convulse.
* * * LOW HITPOINT WARNING * * *
Blork the orc hits you but does no damage.
Aiming: Mindburst
Press: ? - help, Shift-Dir - straight line, f/p - Edmund
Aim: Edmund, wielding a +7 dire flail of holy wrath and wearing a +0 leather armour (heavily wounded, ally target, chance to affect: 64%) Edmund's mind is blasted!
Blork the orc hits you with a +0 short sword.
* * * LOW HITPOINT WARNING * * *
Edmund closely misses you.
Your ufetubus completely misses Edmund.
Your ufetubus misses Edmund.
Your transformation has ended.
Your +0 helmet unmelds from your body.
Your +0 pair of gloves unmelds from your body.
You turn into a tree.
Your +0 helmet melds into your body.
Your +0 pair of gloves melds into your body.
Your +1 ice dragon scales melds into your body.
Your roots penetrate the ground.
Blork the orc hits you but does no damage.
Your ufetubus hits Edmund but does no damage. x2
Edmund hits your ufetubus with a +7 dire flail of holy wrath!
Your ufetubus dies!
Your ufetubus disappears in a puff of smoke!
Blork the orc looks encouraged for a moment.
Edmund shouts!
You hit Edmund.
Edmund is almost dead.
Blork the orc gestures at you while chanting.
The puff of frost hits you but does no damage.
Edmund hits you with a +7 dire flail of holy wrath!
* * * LOW HITPOINT WARNING * * *
You convulse!
You die...
Edmund says, "That'll show my brother!"

▒ ▒∙▒ ▒ ▒∙▒
▒▒▒▒▒▒▒▒▒▒▒▒▒▒▒▒▒▒▒▒▒▒∙▒
∙∙∙∙∙∙∙∙∙∙∙∙∙∙∙∙))†∙▒▒∙▒
▒▒▒▒▒▒▒▒▒▒▒▒▒▒▒▒▒▒▒∙▒▒∙▒
▒∙∙∙∙>∙▒ ▒∙▒▒)▒▒▒▒▒
▒▒▒▒▒∙∙∙∙∙∙▒ ▒∙▒▒∙∙∙∙∙▒
∙∙∙∙∙∙∙<∙∙∙▒▒▒▒▒▒▒▒∙▒▒▒▒▒▒∙▒
▒∙▒▒∙∙∙∙∙∙∙∙∙[#@♣o∙∙▒ ▒∙▒
▒∙▒▒∙∙▒'▒'▒▒▒▒▒▒▒▒▒▒▒ ▒∙▒
▒∙∙∙∙∙▒∙▒∙▒∙∙∙∙∙▒ ▒∙▒
▒∙∙∙∙∙▒∙▒∙▒∙▒▒▒∙▒ ▒∙▒
▒∙▒∙▒∙▒∙▒∙▒∙▒ ▒∙▒ ▒∙▒
▒∙▒∙▒∙▒∙▒∙▒∙▒ ▒∙▒ ▒∙▒
▒∙▒∙▒∙▒∙▒∙▒∙▒ ▒∙▒ ▒∙▒
▒∙▒∙▒∙>∙▒∙▒∙▒▒▒∙▒ ▒∙▒
▒∙▒∙▒∙∙∙∙∙∙∙∙∙∙∙▒ ▒∙▒


You could see Edmund and Blork the orc (fast).

Vanquished Creatures
  Grinder (D:3)
  A black bear (D:3)
  A scorpion (D:6)
  5 orc priests
  A hound (D:3)
  Ijyb (D:2)
  Terence (D:3)
  2 orc wizards
  Robin (D:3)
  5 adders
  A ribbon worm (D:2)
  2 dart slugs
  9 orcs
  An endoplasm (D:2)
  2 giant cockroaches
  12 goblins
  4 hobgoblins
  8 kobolds
  2 quokkas
  10 ball pythons
  6 bats
  5 frilled lizards
  6 rats
87 creatures vanquished.

Notes
Turn   | Place    | Note
-------+----------+-------------------------------------------
     0 | D:1      | Zeor the Demonspawn Shapeshifter began the quest for the
                  | Orb.
     0 | D:1      | Reached XP level 1. HP: 15/15 MP: 1/1
   133 | D:1      | Reached skill level 3 in Unarmed Combat
   203 | D:1      | Gained mutation: Your movements are slightly less
                  | encumbered by armour. (ER -2) [demonic ancestry]
   203 | D:1      | Reached XP level 2. HP: 8/21 MP: 2/2
  1159 | D:2      | Gained mutation: You have large cloven feet. [demonic
                  | ancestry]
  1159 | D:2      | Reached XP level 3. HP: 18/26 MP: 3/3
  1237 | D:2      | Identified the +7 spear "Goblinslayer" {speed, Fly}
  1305 | D:2      | Found a sacrificial altar of Ru.
  1748 | D:2      | Reached XP level 4. HP: 22/33 MP: 4/4
  1816 | D:3      | Noticed Ijyb
  1827 | D:2      | Killed Ijyb
  1828 | D:2      | Reached skill level 4 in Unarmed Combat
  1901 | D:3      | Noticed Grinder
  2018 | D:2      | Gained mutation: A weak demonic guardian rushes to your
                  | aid. [demonic ancestry]
  2018 | D:2      | Reached XP level 5. HP: 15/38 MP: 5/5
  2220 | D:3      | Noticed Robin
  2231 | D:3      | Killed Robin
  2483 | D:3      | Reached skill level 1 in Armour
  2575 | D:3      | Noticed Terence
  2592 | D:3      | Killed Terence
  2683 | D:3      | Paralysed by Grinder for 3 turns
  2698 | D:3      | Killed Grinder
  2699 | D:3      | Reached skill level 5 in Unarmed Combat
  2699 | D:3      | Reached XP level 6. HP: 23/44 MP: 6/6
  2881 | D:3      | You fall into a shaft and drop 3 floors!
  2883 | D:6      | Noticed a steam dragon
  2901 | D:6      | Gained mutation: You have hoof-like feet. [demonic
                  | ancestry]
  2901 | D:6      | Reached XP level 7. HP: 28/50 MP: 7/7
  2911 | D:5      | Entered Level 5 of the Dungeon
  3130 | D:4      | Noticed Edmund
  3133 | D:4      | Noticed Blork the orc
  3314 | D:3      | Reached skill level 1 in Stealth
  3799 | D:3      | Mangled by Edmund

Illustrated notes

Levels and vault maps discovered:
D:1:      dpeg_arrival_refuge, layout_basic, chequers_serial_rivers_small_3
D:2:      layout_basic, basic_altar
D:3:      layout_basic, uniq_ijyb, uniq_grinder, uniq_robin, uniq_terence
D:4:      layout_cave_pools, uniq_duvessa, uniq_eustachio,
          uniq_crazy_yiuf_cottage, uniq_edmund, uniq_blork_the_orc
D:5:      layout_loops_corners, minmay_temple_entry_tees
D:6:      cheibrodos_barr_body, layout_rooms, makhleb_heckhound_becter,
          mainiacjoe_overflow_surrounded_room,
          mainiacjoe_overflow_cross_hatched, minmay_holes

Skill      XL: |  1  2  3  4  5  6  7 |
---------------+----------------------+-----
Unarmed Combat | 3 4 5 |  5.7
Shapeshifting  | 3 |  3.9
Fighting       | 2 |  2.7
Dodging        | 2 |  2.4
Armour         | 2 3 |  3.1
Stealth        | 1 |  1.0

Action                     |  1- 3 |  4- 6 |  7- 9 || total
---------------------------+-------+-------+-------++-------
  Melee: Unarmed           |    94 |   114 |    48 ||   256
         Kick              |    10 |    24 |    11 ||    45
         Punch             |     1 |     4 |     2 ||     7
Ability: Begin Untransform |     1 |     1 |       ||     2
  Evoke: Wand              |       |       |     4 ||     4
    Use: Scroll            |     7 |     1 |     3 ||    11
         Potion            |       |     3 |     1 ||     4
   Stab: Distracted        |       |     1 |       ||     1
 Armour: Animal skin       |    16 |       |       ||    16
         Ice dragon scales |    49 |    79 |    38 ||   166
         Skin              |       |     5 |     3 ||     8
  Dodge: Dodged            |    60 |    43 |    31 ||   134
   Form: Beast             |     1 |     1 |       ||     2
